 Dungeon Crawl Stone Soup version 0.28.0-53-g5a82cb258f (webtiles) character file.

Game seed: 17112694144108007473

1 tizbic2 the Thaumaturge (level 1, 0/13 HPs)
             Began as a Gnoll Wanderer on Aug 4, 2022.
             Frozen to death by an endoplasm (4 damage)
             ... on level 1 of the Dungeon.
             The game lasted 00:00:48 (38 turns).

tizbic2 the Thaumaturge (Gnoll Wanderer)              Turns: 38, Time: 00:00:49

Health: 0/13       AC:  2    Str: 10    XL:     1   Next: 20%
Magic:  10/10      EV: 12    Int: 11    God:
Gold:   12         SH:  0    Dex: 12    Spells: 18/18 levels left

rFire   . . .      SeeInvis .   a - +0 dagger
rCold   . . .      Faith    .   (no shield)
rNeg    . . .      Spirit   .   b - +0 robe
rPois   .          Reflect  .   (no helmet)
rElec   .          Harm     .   (no cloak)
rCorr   .          Rampage  .   (no gloves)
Will    .....                   (no boots)
Stlth   ++........              (no amulet)
HPRegen 0.04/turn               (no ring)
MPRegen 0.12/turn               (no ring)

@: no status effects
A: fangs 1, strong nose, distributed training
a: no special abilities


You were on level 1 of the Dungeon.
You visited 1 branch of the dungeon, and saw 1 of its levels.

You collected 12 gold pieces.

Inventory:

Hand Weapons
 a - a +0 dagger (weapon)
Missiles
 d - 9 stones
Armour
 b - a +0 robe (worn)
Wands
 c - a wand of flame (3) (quivered)


   Skills:
 + Level 0.0 Fighting
 + Level 0.0 Short Blades
 + Level 0.0 Long Blades
 + Level 0.0 Axes
 + Level 0.0 Maces & Flails
 + Level 0.0 Polearms
 + Level 0.0 Staves
 + Level 0.0 Slings
 + Level 0.0 Bows
 + Level 0.0 Crossbows
 + Level 0.0 Throwing
 + Level 0.0 Armour
 + Level 2.3 Dodging
 + Level 2.1 Stealth
 + Level 0.0 Shields
 + Level 0.0 Unarmed Combat
 + Level 9.2 Spellcasting
 + Level 0.0 Conjurations
 + Level 0.0 Hexes
 + Level 0.0 Summonings
 + Level 0.0 Necromancy
 + Level 0.0 Translocations
 + Level 0.0 Transmutations
 + Level 0.0 Fire Magic
 + Level 3.6 Ice Magic
 + Level 0.0 Air Magic
 + Level 0.0 Earth Magic
 + Level 0.0 Poison Magic
 + Level 0.0 Invocations
 + Level 2.3 Evocations


You had 18 spell levels left.
You didn't know any spells.
Your spell library contained the following spells:

 Spells                   Type           Power      Damage    Failure   Level
 Freeze                   Ice            52%        1d7       3%          1
 Frozen Ramparts          Ice            26%        1d4       10%         3
 Summon Small Mammal      Summ           20%        N/A       14%         1
 Corpse Rot               Necr/Air       10%        N/A       22%         2
 Searing Ray              Conj           10%        2d4       22%         2
 Mephitic Cloud           Conj/Pois/Air  5%         N/A       38%         3


Dungeon Overview and Level Annotations

Branches:
Dungeon (1/15)

Altars:


Innate Abilities, Weirdness & Mutations

You have very sharp teeth.
Your uncanny sense of smell can sniff out nearby items.
Your experience applies equally to all skills.


Message History

The hobgoblin shouts!
An endoplasm comes into view.
Found a stone staircase leading down.
The endoplasm quivers.
You see here 9 stones.
d - 9 stones You don't know any spells.
The endoplasm hits you. The endoplasm freezes you.
You are frozen.
You hit the hobgoblin.
The hobgoblin is heavily wounded.
The hobgoblin barely misses you.
You hit the hobgoblin but do no damage.
The hobgoblin is heavily wounded.
The hobgoblin completely misses you.
You hit the hobgoblin.
You bite the hobgoblin, but do no damage.
The hobgoblin is almost dead.
The hobgoblin hits you.
You hit the hobgoblin but do no damage.
You bite the hobgoblin, but do no damage.
The hobgoblin is almost dead.
The hobgoblin hits you.
You closely miss the hobgoblin.
The hobgoblin is almost dead.
The hobgoblin closely misses you.
You barely miss the hobgoblin.
The hobgoblin is almost dead.
The hobgoblin barely misses you.
You hit the hobgoblin.
You kill the hobgoblin!
You hit the endoplasm.
The endoplasm is lightly wounded.
The endoplasm closely misses you.
You hit the endoplasm.
The endoplasm is heavily wounded.
The endoplasm freezes you.
You are frozen.
You die...

#. ... #..# ## .# #..
... #..### .##.### ..#
#.# #....##.#....
#.##.##.###..#.#..###
#.#.#.###...#.......
...###...###.........#
.......<.........#...#
...###...###.........#
#.#.#@###...#....####
#.##.##J###.#.........
..#
#.###..........####
#.. ...
#..#..#........ #. ...
#..##.#....#### .
........###.#....#
####.#### #.#...... #
#+#...>### ...#.#


You could see an endoplasm.

Vanquished Creatures
  A hobgoblin (D:1)
1 creature vanquished.

Notes
Turn   | Place    | Note
-------+----------+-------------------------------------------
     0 | D:1      | Reached skill level 9 in Spellcasting
     0 | D:1      | tizbic2 the Gnoll Wanderer began the quest for the Orb.
     0 | D:1      | tizbic2 set off with the following items: a +0 dagger, a +0
                  | robe, a wand of flame (3); and the following spells
                  | available to memorise: Freeze, Frozen Ramparts, Summon
                  | Small Mammal, Corpse Rot, Searing Ray, Mephitic Cloud
     0 | D:1      | Reached XP level 1. HP: 13/13 MP: 10/10
    38 | D:1      | Frozen to death by an endoplasm

Illustrated notes

Levels and vault maps discovered:
D:1:      roderic_crossed_star, layout_basic, serial_shops, shop

Skill      XL: | |
---------------+-+-----
Spellcasting   | |  9.2
Dodging        | |  2.3
Stealth        | |  2.1
Ice Magic      | |  3.6
Evocations     | |  2.3

Action                   || total
-------------------------++-------
Melee: Dagger            ||     9
       Bite              ||     2
Dodge: Dodged            ||     5
